Map: Oxide LE

Players

SSFWL

  • Race: Terran Terran
  • League: Platinum
  • Spawn Location: 7:00

FLORENCIO - Winner!

  • Race: Zerg Zerg
  • League: Platinum
  • Spawn Location: 1:00

VOD

Have the link to the VOD?

Description

Time

  • Played on: Jan. 25, 2021, 11:07 p.m.
  • Length: 15:29
Show
View Real Time Build Order
Export as new Build Order

SSFWL Terran 

Build Orders: Liberator Opening, Reaper Expand, Mech 

Get SALT Encoding   

  12  0:00  SCV  
  13  0:12  SCV  
  14  0:17  Supply Depot  
  14  0:24  SCV  
  15  0:39  SCV  
  15  0:40  Barracks  
  16  0:44  Refinery  
  16  0:51  SCV  
  17  1:03  SCV  
  18  1:15  SCV  
  19  1:28  Reaper, Orbital Command  
  20  1:46  Command Center  
  20  1:51  Refinery  
  20  1:57  Supply Depot, SCV  
  21  2:12  Factory  
  21  2:22  Barracks Reactor  
  21  2:23  SCV  
  22  2:35  SCV  
  23  2:47  SCV  
  24  3:02  Factory Tech Lab, Starport  
  24  3:23  Barracks Tech Lab  
  24  3:25  Hellion x2  
  28  3:36  Bunker  
  28  3:39  Liberator  
  31  3:42  Marine  
  31  3:47  Supply Depot  
  36  3:55  Hellion  
  36  3:56  Hellion  
  36  4:20  Orbital Command  
  36  4:24  Factory  
  36  4:28  Supply Depot  
  36  4:29  Factory  
  36  4:47  Hellion x2  
  40  4:58  SCV  
  41  5:00  Supply Depot  
  41  5:04  Marine  
  42  5:18  Factory Tech Lab x2  
  40  5:26  Supply Depot  
  40  5:31  Factory Reactor  
  37  5:37  Siege Tank  
  37  5:39  Siege Tank  
  24  6:31  SCV  
  25  6:35  Cyclone  
  25  6:36  Cyclone  
  25  6:38  SCV  
  32  6:43  SCV  
  32  6:46  Starport Tech Lab  
  33  6:50  Factory, SCV  
  33  6:52  Hellion x2  
  38  6:54  Factory  
  38  6:56  SCV  
  38  6:58  Supply Depot  
  39  7:02  SCV  
  39  7:06  Banshee  
  40  7:14  SCV  
  36  7:26  SCV  
  36  7:29  SCV  
  38  7:38  SCV, Refinery x2  
  38  7:41  SCV  
  40  7:50  SCV  
  41  7:57  Factory Tech Lab  
  41  7:58  Factory Tech Lab  
  41  8:01  Factory Reactor  
  41  8:03  SCV  
  42  8:15  SCV  
  43  8:20  Cyclone x2  
  49  8:27  SCV  
  49  8:32  Banshee  
  53  8:39  SCV  
  53  8:41  SCV  
  55  8:43  Hellion x2  
  59  8:51  SCV  
  59  9:09  Cyclone x2  
  53  9:19  Supply Depot  
  53  9:20  Supply Depot  
  52  9:37  Command Center  
  52  9:48  Siege Tank  
  55  10:11  Siege Tank  
  55  10:12  Siege Tank  
  61  10:28  Siege Tank  
  61  10:51  Siege Tank x2  
  64  12:02  Raven  
  66  12:20  Orbital Command  
  66  12:52  Command Center  
  66  12:58  SCV  
  67  13:01  Refinery  
  67  13:10  SCV  
  67  13:13  Command Center  
  65  13:22  SCV  
  65  13:34  SCV  
  66  13:46  SCV  
  66  13:48  SCV  
  68  13:58  SCV  
  68  14:00  SCV  
  70  14:10  SCV  
  70  14:11  Refinery  
  70  14:12  SCV  
  72  14:22  SCV, Cyclone x2  
  72  14:23  Cyclone  
  82  14:24  Hellion x2  
  83  14:35  SCV  
  69  14:47  SCV  
  69  14:59  SCV  
Show
View Real Time Build Order
Export as new Build Order

FLORENCIO Zerg - Winner!

Build Orders: Pool First 

Get SALT Encoding   

  12  0:01  Drone  
  13  0:08  Drone  
  14  0:17  Overlord  
  14  0:24  Extractor  
  13  0:32  Drone  
  14  0:35  Drone  
  14  0:36  Drone  
  16  0:51  Drone  
  17  0:58  Spawning Pool  
  16  1:07  Drone x2  
  18  1:27  Drone  
  18  1:29  Drone  
  20  1:42  Hatchery  
  19  2:03  Hatchery  
  19  2:07  Spine Crawler  
  18  2:11  Zergling x6  
  21  2:19  Roach Warren  
  21  2:20  Burrow  
  20  2:25  Zergling x2  
  21  2:34  Zergling x2  
  22  2:47  Hatchery  
  20  2:59  Drone x2  
  20  3:02  Queen  
  24  3:12  Roach  
  26  3:20  Overlord  
  26  3:24  Extractor  
  25  3:35  Roach  
  27  3:52  Drone x2  
  27  3:54  Roach  
  28  4:04  Spore Crawler  
  28  4:07  Spore Crawler  
  26  4:11  Drone, Spine Crawler  
  26  4:21  Overlord  
  26  4:25  Drone  
  26  4:26  Drone  
  26  4:29  Drone x3  
  31  4:37  Spore Crawler  
  30  4:54  Roach x3  
  30  4:58  Ravager x3  
  37  5:04  Roach  
  39  5:10  Overlord  
  39  5:19  Ravager  
  39  5:20  Ravager x2  
  39  5:40  Roach, Queen  
  41  5:46  Ravager  
  41  5:48  Drone x6  
  48  5:57  Roach  
  36  6:24  Roach x2  
  36  6:25  Roach x2, Ravager  
  42  6:36  Drone x2  
  44  6:41  Extractor  
  44  6:46  Ravager x2  
  45  6:49  Extractor  
  44  6:56  Roach  
  28  7:23  Roach x6  
  28  7:25  Roach x4  
  48  7:36  Drone x2  
  50  7:53  Overlord  
  50  7:58  Overlord x3  
  50  8:06  Spore Crawler  
  50  8:08  Drone  
  50  8:09  Spore Crawler  
  50  8:10  Queen x2  
  53  8:13  Drone x2  
  55  8:30  Spore Crawler  
  55  8:32  Spore Crawler  
  55  8:33  Ravager x7  
  60  8:41  Drone x3  
  63  8:42  Drone  
  55  9:22  Drone x6  
  61  9:29  Lair  
  61  9:40  Hatchery  
  60  9:46  Pneumatized Carapace  
  60  9:49  Drone x4  
  64  10:22  Overlord  
  64  10:23  Overlord x5  
  64  10:54  Drone x4  
  64  10:55  Drone  
  64  10:56  Drone x4  
  73  10:57  Drone  
  73  10:59  Queen  
  76  11:15  Overlord x2  
  76  11:19  Queen  
  73  11:49  Drone x3  
  68  11:57  Metabolic Boost, Spire  
  64  12:07  Spine Crawler  
  63  12:09  Roach, Spine Crawler  
  63  12:11  Spine Crawler  
  63  12:12  Spine Crawler x2  
  59  12:19  Spine Crawler  
  59  12:20  Spine Crawler  
  59  12:21  Spine Crawler  
  59  12:22  Drone x3, Spine Crawler  
  58  12:50  Overlord x2  
  58  12:53  Ravager  
  59  13:26  Mutalisk  
  59  13:27  Mutalisk x18  
  97  13:34  Mutalisk  
  97  13:39  Mutalisk x2  
  103  13:45  Overseer  
  103  13:47  Mutalisk  
  103  13:48  Mutalisk  
  107  13:49  Mutalisk  
  107  13:53  Extractor  
  107  13:54  Mutalisk  
  107  13:55  Extractor  
  109  13:58  Zergling x2  
  109  14:01  Overlord  
  110  14:12  Mutalisk  
  110  14:13  Mutalisk  
  114  14:24  Mutalisk x2  
Tags
 
Add a new tag
Caveats
  • Supply blocks, unpowered buildings, or Contaminate may cause inaccurate times.
  • Supply counts are checked every 10 seconds.